 Dungeon Crawl Stone Soup version 0.29-a0-901-g46a8461d6a (webtiles) character file.

Game seed: 6072948643805534813

54 Gwenloh the Trooper (level 3, -5/29 HPs)
             Began as a Demonspawn Abyssal Knight on July 23, 2022.
             Was a Priest of Lugonu.
             Slain by a gnoll
             ... wielding a +0 flail
              (9 damage)
             ... on level 3 of the Dungeon.
             The game lasted 00:05:37 (1932 turns).

Gwenloh the Trooper (Demonspawn Abyssal Knight)     Turns: 1932, Time: 00:05:38

Health: -5/29      AC:  5    Str: 13    XL:     3   Next: 66%
Magic:  5/5        EV: 10    Int: 11    God:    Lugonu [***...]
Gold:   116        SH:  4    Dex: 15    Spells: 2/2 levels left

rFire   . . .      SeeInvis .   a - +1 mace
rCold   . . .      Faith    .   (no shield)
rNeg    . . .      Spirit   .   s - +0 ring mail
rPois   +          Reflect  .   (helmet restricted)
rElec   .          Harm     .   (no cloak)
rCorr   .          Rampage  .   (no gloves)
Will    .....                   (no boots)
Stlth   +.........              v - amulet of the acrobat
HPRegen 0.09/turn               q - ring of poison resistance
MPRegen 0.09/turn               (no ring)

@: no status effects
A: antennae 1, condensation shield
a: Renounce Religion, Depart the Abyss, Bend Space, Banish


You were on level 3 of the Dungeon.
You worshipped Lugonu.
Lugonu was most pleased with you.
You visited 1 branch of the dungeon, and saw 5 of its levels.
You visited the Abyss 1 time.

You collected 116 gold pieces.

Inventory:

Hand Weapons
 a - a +1 mace (weapon)
Missiles
 c - a throwing net
 m - 3 boomerangs of dispersal
 p - 4 boomerangs (quivered)
Armour
 b - a +0 leather armour
 s - a +0 ring mail (worn)
Jewellery
 q - a ring of poison resistance (left hand)
 v - an amulet of the acrobat (around neck)
Scrolls
 d - a scroll of poison {unknown}
 e - a scroll of blinking {unknown}
 f - a scroll of enchant armour {unknown}
 g - 2 scrolls of identify {unknown}
 j - 3 scrolls of amnesia {unknown}
 l - a scroll of teleportation {unknown}
 n - a scroll of torment {unknown}
 o - a scroll of vulnerability {unknown}
 r - a scroll of summoning {unknown}
 t - a scroll of fog {unknown}
 w - a scroll of noise {unknown}
Potions
 h - 2 potions of heal wounds {unknown}
 i - a potion of curing {unknown}
 k - 2 potions of flight {unknown}
 u - a potion of attraction {unknown}


   Skills:
 * Level 3.4 Fighting
 * Level 2.4 Maces & Flails
 + Level 2.1 Armour
 + Level 1.3 Dodging
 + Level 0.6 Necromancy
 + Level 3.0 Invocations


You had 2 spell levels left.
You didn't know any spells.
Your spell library contained the following spells:

 Spells                   Type           Power      Damage    Failure   Level
 Ensorcelled Hibernation  Hex/Ice        0%         N/A       75%         2
 Static Discharge         Conj/Air       0%         3-3/arc   75%         2
 Spider Form              Tmut/Pois      0%         N/A       92%         3
 Airstrike                Air            0%         0-1+      100%        4
 Anguish                  Hex/Necr       0%         N/A       100%        4
 Summon Lightning Spire   Summ/Air       0%         N/A       100%        4
 Lightning Bolt           Conj/Air       0%         1d11      100%        5
 Maxwell's Capacitive Co  Air            0%         ∞         100%        8


Dungeon Overview and Level Annotations

Branches:
Dungeon (5/15)
 Temple: D:4-7

Altars:

Shops:
D:4 ?


Innate Abilities, Weirdness & Mutations

You have a pair of small antennae on your head.
A meltable shield of frost defends you. (SH +4)


Message History

Okay, then.
You hit the gnoll.
You kill the gnoll!
Lugonu accepts your kill.
The gnoll hits you from afar with a +0 spear. x2
Your Invocations skill increases to level 3!
There is a stone staircase leading down here.
There is a stone staircase leading up here.
The gnoll hits you from afar with a +0 spear.
You climb upwards.
There is a stone staircase leading down here.
You start resting.
HP restored.
You climb downwards.
The gnoll barely misses you. The gnoll closely misses you.
There is a stone staircase leading up here.
You sock the gnoll!
The gnoll is severely wounded.
The gnoll closely misses you. The gnoll hits you with a +0 spear.
You closely miss the gnoll.
The gnoll is severely wounded.
The gnoll barely misses you. You block the gnoll's attack.
The gnoll closely misses you. The gnoll hits you with a +0 spear.
You hit the gnoll.
The gnoll is almost dead.
You block the gnoll's attack. The gnoll hits you with a +0 spear.
You barely miss the gnoll.
The gnoll is almost dead.
The gnoll hits you with a +0 spear. The gnoll hits you with a +0 flail.
You are too injured to fight recklessly!
You are too injured to fight recklessly!
You hit the gnoll but do no damage.
The gnoll hits you but does no damage. x2
You hit the gnoll but do no damage. The gnoll closely misses you.
The gnoll hits you with a +0 spear. The gnoll hits you with a +0 flail!
* * * LOW HITPOINT WARNING * * *
The gnoll hits you with a +0 spear.
* * * LOW HITPOINT WARNING * * *
You hit the gnoll.
The gnoll is moderately wounded.
The gnoll hits you with a +0 flail!
You die...

.......###.
......... ......# .
##### .)...##.
#...######.......
##.....†..........
###....#######......
#...g..###.........(
#..@g...>..###......
########)...........
#...#####..###.
#..### ##..## #.#
##g.# #.. ##.# #.
#)# . ###)## ##
##.....


You could see 2 gnolls.

Vanquished Creatures
  A gnoll (D:3)
  2 orcs (D:3)
  2 ball pythons (D:1)
  2 bats
  2 endoplasms
  2 giant cockroaches
  4 goblins
  7 hobgoblins
  7 kobolds
  A quokka (D:3)
  2 frilled lizards (D:2)
  5 rats
37 creatures vanquished.

Notes
Turn   | Place    | Note
-------+----------+-------------------------------------------
     0 | Abyss:1  | Gwenloh the Demonspawn Abyssal Knight began the quest for
                  | the Orb.
     0 | Abyss:1  | Reached XP level 1. HP: 18/18 MP: 2/2
     0 | Abyss:1  | Found a corrupted altar of Lugonu.
    30 | D:1      | Escaped the Abyss
   235 | D:1      | Reached skill level 1 in Dodging
   496 | D:1      | Gained mutation: A meltable shield of frost defends you.
                  | (SH +4) [demonic ancestry]
   496 | D:1      | Reached XP level 2. HP: 24/24 MP: 4/4
   963 | D:1      | Found a faded altar of an unknown god.
  1256 | D:2      | Gained mutation: You have a pair of small antennae on your
                  | head. [demonic ancestry]
  1256 | D:2      | Reached XP level 3. HP: 29/29 MP: 5/5
  1594 | D:3      | You fall into a shaft and drop 2 floors!
  1594 | D:5      | Entered Level 5 of the Dungeon
  1599 | D:4      | Found Omuiley's Magic Scroll Boutique.
  1600 | D:4      | Noticed an ogre
  1663 | D:3      | Reached *** piety under Lugonu
  1932 | D:3      | Slain by a gnoll

Illustrated notes

Levels and vault maps discovered:
D:1:      kennysheep_arrival_forest, layout_basic,
          shapermc_ecumenical_altar_mp_highgroup, minmay_vboxes
D:2:      layout_basic
D:3:      minmay_diamond_boxcup, layout_rooms, nicolae_overflow_hidden_temple,
          jmf_multi_god_temple2, minmay_circle_x, uniq_ijyb, uniq_grinder
D:4:      layout_rooms, serial_shops, nicolae_stop_n_shop_2,
          nicolae_shop_advertising_works [nicolae_subvault_shop_adworks],
          minmay_splitting_lines, amethyst_killhole
D:5:      layout_loops_ring, uniq_pikel

Skill      XL: |  1  2  3 |
---------------+----------+-----
Dodging        | 1 |  1.3
Maces & Flails | 2 |  2.4
Armour         | 2 |  2.1
Invocations    | 3 |  3.0
Fighting       | |  3.4
Necromancy     | |  0.6

Action                   || total
-------------------------++-------
Melee: Mace              ||    87
Throw: Boomerang         ||    16
Armor: Leather armour    ||    10
       Ring mail         ||     9
Dodge: Dodged            ||    62
Block: Other             ||    18

Table legend: (Time is in decaauts)
 A = Elapsed time spent in this place.
 B = Non-inter-level travel time spent in this place.
 C = Inter-level travel time spent in this place.
 D = Time resting spent in this place.
 E = Time spent auto-exploring this place.
 F = Levels seen in this place.
 G = Mean time per level.
                   A        B        C        D        E       F      G
               +--------+--------+--------+--------+--------+-----+--------+
         Total |   1962 |   1924 |     38 |    126 |   1396 |   6 |  327.0 |
       Dungeon |   1932 |   1894 |     38 |    126 |   1396 |   5 |  386.4 |
         Abyss |     30 |     30 |      0 |      0 |      0 |   1 |   30.0 |
               +--------+--------+--------+--------+--------+-----+--------+

Top non-repeatable levels by time:
     D:1: 1038 daAuts
     D:2: 657 daAuts
     D:3: 225 daAuts
 Abyss:1: 30 daAuts
     D:4: 5 daAuts
     D:5: 4 daAuts
